 Dungeon Crawl Stone Soup version 0.23.0-41-g86b089e62c (webtiles) character file.

Game seed: 4322910814106423722

4739 LLavrengius the Fighter (level 10, -2/114 HPs)
             Began as an Ogre Arcane Marksman on Feb 28, 2019.
             Was a High Priest of Cheibriados.
             Slain by an eight-headed hydra (9 damage)
             ... on level 9 of the Dungeon.
             The game lasted 01:02:51 (11301 turns).

LLavrengius the Fighter (Ogre Arcane Marksman)     Turns: 11301, Time: 01:02:51

Health: -2/114     AC:  4    Str: 29    XL:     10   Next: 46%
Magic:  0/32       EV: 12    Int: 25    God:    Cheibriados [*****.]
Gold:   276        SH:  0    Dex: 21    Spells: 5/15 levels left

rFire    . . .     SeeInvis .   E - +3 spear
rCold    . . .     Gourm    .   (no shield)
rNeg     . . .     Faith    .   o - +1 robe "Iffoal" {rElec Regen+ Slay+3}
rPois    .         Spirit   +   (helmet restricted)
rElec    +         Reflect  .   R - scarf {Spirit}
rCorr    .         Harm     .   (gloves unavailable)
MR       +....                  (boots unavailable)
Stlth    ++........             (no amulet)
HPRegen  0.69/turn              g - ring of magical power
MPRegen  0.23/turn              w - ring of magical power

@: very slightly contaminated, very slow
A: large, unfitting armour, tough skin 1
a: Bend Time, Temporal Distortion, Slouch, Step From Time, Renounce Religion


You were on level 9 of the Dungeon.
You worshipped Cheibriados.
Cheibriados was extremely pleased with you.
You were not hungry.

You visited 1 branch of the dungeon, and saw 9 of its levels.

You collected 375 gold pieces.
You spent 99 gold pieces at shops.

Inventory:

Hand Weapons
 a - a +0 dagger of venom
 i - a +0 giant club
 E - a +3 spear (weapon)
 F - a +1 dagger of venom
 K - a cursed +5 hand axe
Missiles
 b - 331 stones
 c - 6 large rocks (quivered)
 k - 3 needles of sleeping
 m - 50 poisoned needles
 q - 2 javelins
 t - a throwing net
 H - 7 tomahawks
Armour
 o - the +1 robe "Iffoal" (worn) {rElec Regen+ Slay+3}
   (You found it on level 4 of the Dungeon)

   It affects your accuracy and damage with ranged weapons and melee attacks
   (+3).
   It insulates you from electricity.
   It increases your rate of regeneration.
 C - a +0 cloak
 R - a scarf of spirit shield (worn)
Jewellery
 g - a ring of magical power (left hand)
 u - an uncursed ring of fire
 w - a ring of magical power (right hand)
 L - an uncursed ring of see invisible
 M - the amulet "Obyaw" {Spirit rF+ Dex+4, unknown}
   (You found it on level 9 of the Dungeon)

   [amulet of guardian spirit]

   It causes incoming damage to be split between your health and magic.
   It affects your dexterity (+4).
   It protects you from fire.
Wands
 y - a wand of flame (14)
 I - a wand of polymorph (10)
 N - a wand of acid (4)
Scrolls
 e - 3 scrolls of immolation
 j - 4 scrolls of amnesia
 l - a scroll of remove curse
 n - 2 scrolls of teleportation
 p - 3 scrolls of magic mapping {unknown}
 s - 3 scrolls of enchant weapon
 x - 4 scrolls of random uselessness {unknown}
 A - a scroll of noise {unknown}
 D - a scroll of brand weapon {unknown}
 J - a scroll of silence {unknown}
 O - 2 scrolls of identify
 P - a scroll of holy word {unknown}
Potions
 d - a potion of resistance
 h - 2 potions of agility
 r - 4 potions of brilliance
 v - 4 potions of haste
 z - 2 potions of ambrosia
 B - 3 potions of heal wounds
 G - 2 potions of degeneration {unknown}
 Q - a potion of cancellation {unknown}
Comestibles
 f - 15 rations


   Skills:
 + Level 11.6 Fighting
 + Level 4.9 Polearms
 + Level 8.5 Throwing
 - Level 4.0 Dodging
 - Level 3.1 Spellcasting
 - Level 5.0 Hexes
 - Level 2.0 Translocations


You had 5 spell levels left.
You knew the following spells:

 Your Spells              Type           Power        Failure   Level  Hunger
a - Corona                Hex            ####...      1%          1    None
b - Portal Projectile     Hex/Tloc       ###...       7%          3    ###....
c - Tukima's Dance        Hex            ####....     3%          3    ###....
d - Confuse               Hex            ####....     3%          3    ###....

Your spell library contained the following spells:

 Spells                   Type           Power        Failure   Level  Hunger
 Slow                     Hex            ####....     1%          2    ##.....
 Apportation              Tloc           ##....       4%          1    None
 Ensorcelled Hibernation  Hex/Ice        ###...       5%          2    ##.....
 Summon Butterflies       Summ           #.......     10%         1    None
 Dazzling Spray           Conj/Hex       ###...       11%         3    ###....
 Inner Flame              Hex/Fire       ###.....     11%         3    ###....
 Lesser Beckoning         Tloc           ##........   13%         3    ###....
 Cause Fear               Hex            ####......   13%         4    ####...
 Leda's Liquefaction      Hex/Erth       ###.......   34%         4    ####...
 Alistair's Intoxication  Tmut/Pois      #.......     95%         5    ######.
 Invisibility             Hex            ####....     89%         6    #######


Dungeon Overview and Level Annotations

Branches:
Dungeon (9/15)             Temple (0/1) D:4
   Lair: D:8-11         Orc: D:9-12

Altars:
Ashenzari
Cheibriados
Dithmenos
Elyvilon
Fedhas
Hepliaklqana
Kikubaaqudgha
Makhleb
Nemelex Xobeh
Qazlal
Trog
Vehumet
Xom
The Shining One

Shops:
D:9 [


Innate Abilities, Weirdness & Mutations

You are too large for most types of armour.
You have tough skin. (AC +1)


Message History

The eight-headed hydra bites you!
* * * LOW HITPOINT WARNING * * *
The eight-headed hydra barely misses you.
The eight-headed hydra bites you but does no damage.
The eight-headed hydra bites you!
* * * LOW HITPOINT WARNING * * *
The eight-headed hydra completely misses you.
The eight-headed hydra bites you!
* * * LOW HITPOINT WARNING * * *
The eight-headed hydra bites you!
* * * LOW HITPOINT WARNING * * *
The eight-headed hydra bites you.
* * * LOW HITPOINT WARNING * * *
Evoke which item? (* to show all) (? for menu, Esc to quit)
Aiming: Corrosive Bolt
Press: ? - help, Shift-Dir - straight line, f/p - eight-headed hydra
Aim: an eight-headed hydra (almost dead, covered in acid)
The bolt of acid misses the eight-headed hydra.
The eight-headed hydra bites you!
You die...

#### ##...# ##.....
##...... #.......
#....... #.......
######### #......
#...?(D@###########.....
#(#####..[<.............
###############.## #.#
#.# #.# .. ###.# #..
....# #.# #...##


You could see an eight-headed hydra.

Vanquished Creatures
  A troll (D:9)
  A hippogriff (D:8)
  Sigmund (D:6)
  A spriggan (D:7)
  A hungry ghost (D:7)
  A water moccasin (D:8)
  2 orc warriors (D:7)
  5 ice beasts
  4 sky beasts
  A phantom (D:8)
  3 ogres
  A centaur (D:5)
  Blork the orc (D:5)
  5 bullfrogs
  A wyvern skeleton (D:6)
  5 scorpions
  8 wights
  An electric eel (D:6)
  8 crimson imps
  A centaur zombie (D:9)
  3 hounds
  A bullfrog zombie (D:6)
  6 orc wizards
  An orc priest (D:7)
  4 jellies
  Jessica (D:2)
  2 bullfrog skeletons (D:8)
  An iguana (D:7)
  3 worker ants
  2 hound zombies
  4 gnolls
  13 adders
  An ooze (D:6)
  4 adder skeletons
  3 worms
  2 dart slugs (D:1)
  2 leopard geckos
  23 orcs
  5 bats
  A bat zombie (D:8)
  5 giant cockroaches
  7 goblins
  7 hobgoblins (D:1)
  4 jackals (D:5)
  7 quokkas
  2 ball pythons
  2 frilled lizards
  9 kobolds
  A leopard gecko skeleton (D:4)
  2 leopard gecko zombies (D:5)
  10 rats
  A rat zombie (D:8)
191 creatures vanquished.

Vanquished Creatures (collateral kills)
  An orc warrior (D:9)
  A wight (D:9)
2 creatures vanquished.

Vanquished Creatures (others)
  2 dancing weapons (D:7)
  An orc wizard (D:6)
3 creatures vanquished.

Grand Total: 196 creatures vanquished

Notes
Turn   | Place    | Note
-------+----------+-------------------------------------------
     0 | D:1      | LLavrengius the Ogre Arcane Marksman began the quest for
                  | the Orb.
     0 | D:1      | Reached XP level 1. HP: 19/19 MP: 2/2
   110 | D:1      | Reached skill level 2 in Fighting
   378 | D:1      | Reached XP level 2. HP: 29/29 MP: 3/3
   466 | D:1      | Reached skill level 3 in Fighting
   898 | D:1      | Reached XP level 3. HP: 29/39 MP: 4/4
   978 | D:1      | Learned a level 3 spell: Portal Projectile
  1022 | D:1      | Reached skill level 4 in Fighting
  1919 | D:2      | Reached XP level 4. HP: 44/49 MP: 5/5
  1963 | D:2      | Noticed Jessica
  1985 | D:2      | Killed Jessica
  1985 | D:2      | Reached skill level 5 in Fighting
  2084 | D:2      | Found a snail-covered altar of Cheibriados.
  2092 | D:2      | Became a worshipper of Cheibriados the Contemplative
  2117 | D:2      | Found a glowing golden altar of the Shining One.
  2746 | D:2      | Found a sparkling altar of Nemelex Xobeh.
  2916 | D:3      | Reached XP level 5. HP: 52/57 MP: 7/7
  3708 | D:3      | Found a blossoming altar of Fedhas.
  3713 | D:3      | Found a stormy altar of Qazlal.
  3830 | D:3      | Reached * piety under Cheibriados
  4005 | D:4      | Noticed an ogre
  4007 | D:4      | Killed an ogre
  4007 | D:4      | Reached XP level 6. HP: 67/67 MP: 8/10
  4116 | D:3      | Reached skill level 6 in Fighting
  5125 | D:4      | Got a brightly glowing robe
  5132 | D:4      | Identified the +1 robe "Iffoal" {rElec Regen+ Slay+3} (You
                  | found it on level 4 of the Dungeon)
  5293 | D:4      | Found a hazy altar of Hepliaklqana.
  5495 | D:4      | Found a staircase to the Ecumenical Temple.
  5532 | D:4      | Learned a level 3 spell: Tukima's Dance
  5578 | D:4      | Reached XP level 7. HP: 76/76 MP: 11/11
  5840 | D:5      | Entered Level 5 of the Dungeon
  5971 | D:5      | Found a shattered altar of Ashenzari.
  6006 | D:5      | Reached skill level 7 in Fighting
  6006 | D:5      | Reached skill level 1 in Translocations
  6135 | D:5      | Noticed Blork the orc
  6146 | D:5      | Killed Blork the orc
  6665 | D:5      | Reached ** piety under Cheibriados
  6773 | D:5      | Reached XP level 8. HP: 52/88 MP: 12/12
  6778 | D:5      | Reached skill level 5 in Throwing
  7062 | D:6      | Noticed Sigmund
  7148 | D:6      | Reached skill level 8 in Fighting
  7251 | D:6      | Killed Sigmund
  7545 | D:6      | Learned a level 3 spell: Confuse
  8010 | D:6      | Reached skill level 9 in Fighting
  8325 | D:7      | Reached *** piety under Cheibriados
  8346 | D:7      | Reached XP level 9. HP: 98/98 MP: 8/13
  8349 | D:7      | Found a burning altar of Makhleb.
  8349 | D:7      | Noticed a blizzard demon
  8897 | D:7      | Reached skill level 1 in Polearms
  8936 | D:7      | Reached skill level 10 in Fighting
  9453 | D:8      | Reached skill level 5 in Hexes
  9508 | D:8      | Found a shimmering altar of Xom.
  9508 | D:8      | Found a shimmering altar of Xom.
  9508 | D:8      | Found a shimmering altar of Xom.
  9508 | D:8      | Found a shimmering altar of Xom.
  9661 | D:8      | Got a scorched war axe
  9662 | D:8      | Identified the cursed +2 war axe of Ravage {freeze, *Slow
                  | rPois Int+2} (You found it on level 8 of the Dungeon)
  9870 | D:8      | Found an ancient bone altar of Kikubaaqudgha.
  9958 | D:8      | Reached **** piety under Cheibriados
  9958 | D:8      | Reached XP level 10. HP: 109/111 MP: 14/14
 10160 | D:8      | Reached skill level 11 in Fighting
 10183 | D:8      | Found a radiant altar of Vehumet.
 10184 | D:8      | Found a shadowy altar of Dithmenos.
 10186 | D:8      | Found a white marble altar of Elyvilon.
 10513 | D:9      | Got a translucent ruby amulet
 10769 | D:9      | Found Mievyink's Armour Boutique.
 10777 | D:9      | Bought a scarf of spirit shield for 99 gold pieces
 11027 | D:9      | Found a bloodstained altar of Trog.
 11032 | D:9      | Reached ***** piety under Cheibriados
 11284 | D:9      | Noticed an eight-headed hydra
 11301 | D:9      | Slain by an eight-headed hydra

Skill      XL: |  1  2  3  4  5  6  7  8  9 10 |
---------------+-------------------------------+-----
Fighting       | 2 3 4 5 6 7 9 10 11 | 11.6
Hexes          | 3 5 |  5.0
Spellcasting   | 2 3 |  3.1
Throwing       | 3 4 6 7 8 |  8.5
Translocations | 2 |  2.0
Dodging        | 2 4 |  4.0
Polearms       | 3 4 |  4.9

Action                   |  1- 3 |  4- 6 |  7- 9 | 10-12 || total
-------------------------+-------+-------+-------+-------++-------
Melee: Unarmed           |    32 |       |       |       ||    32
       Club              |    57 |       |       |       ||    57
       Short sword       |     5 |   138 |       |       ||   143
       Quarterstaff      |       |    20 |   140 |       ||   160
       Spear             |       |       |    90 |   122 ||   212
Throw: Stone             |   105 |    97 |    83 |    18 ||   303
       Large rock        |     5 |    18 |     5 |     2 ||    30
       Throwing net      |       |     4 |       |       ||     4
       Tomahawk          |       |     3 |    53 |       ||    56
       Javelin           |       |       |     7 |    11 ||    18
 Cast: Corona            |     2 |    14 |    32 |     3 ||    51
       Portal Projectile |       |     2 |    15 |     1 ||    18
       Confuse           |       |       |     6 |       ||     6
       Tukima's Dance    |       |       |     3 |     3 ||     6
Evoke: Wand              |       |       |       |     5 ||     5
  Use: Potion            |       |     2 |       |       ||     2
       Scroll            |       |    11 |     3 |       ||    14
 Stab: Sleeping          |       |     2 |     2 |     3 ||     7
  Eat: Chunk             |     3 |    10 |    10 |     3 ||    26
Armor: Robe              |    30 |    27 |    73 |    19 ||   149
Dodge: Dodged            |    91 |    88 |   119 |    68 ||   366
